 Dungeon Crawl Stone Soup version 0.18-a0-1584-g146024a (webtiles) character file.

2399 MenacingMecha the Spear-Bearer (level 9, -2/71 HPs)
             Began as a Merfolk Berserker on Mar 18, 2016.
             Was an Elder of Trog.
             Slain by an unseen horror (4 damage)
             ... on level 8 of the Dungeon.
             The game lasted 00:24:43 (6661 turns).

MenacingMecha the Spear-Bearer (Merfolk Berserker)  Turns: 6661, Time: 00:24:43

Health: -2/71      AC:  8    Str: 18    XL:     9   Next: 46%
Magic:  9/9        EV: 15    Int:  6    God:    Trog [****..]
Gold:   286        SH:  0    Dex: 16    Spells: 0 memorised, 8 levels left

rFire  + . .     SeeInvis .     a - +0 trident
rCold  x . .     Gourm    .     y - +0 ring mail
rNeg   . . .     Faith    .     (no shield)
rPois  .         Spirit   .     (no helmet)
rElec  .         Dismiss  .     (no cloak)
rCorr  .         Reflect  .     u - +1 pair of gloves
SustAt .         Harm     .     D - +0 pair of boots
MR     .....                    (no amulet)
Stlth  +.........               (no ring)
                                j - ring of fire

@: exhausted, slowed, very slow, not resistant to hostile enchantments, very
unstealthy
A: change form in water, swift swim
a: Berserk, Trog's Hand, Brothers in Arms, Burn Spellbooks, Renounce Religion


You were on level 8 of the Dungeon.
You worshipped Trog.
Trog was greatly pleased with you.
You were near starving.

You visited 1 branch of the dungeon, and saw 8 of its levels.

You collected 403 gold pieces.
You spent 117 gold pieces at shops.

Inventory:

Hand Weapons
 a - a +0 trident (weapon)
 b - a +3 blowgun
Missiles
 i - 8 javelins (quivered)
 M - 7 poisoned needles
Armour
 u - a +1 pair of gloves (worn)
 y - a +0 ring mail (worn)
 D - a +0 pair of boots (worn)
Jewellery
 j - a ring of fire (left hand)
Wands
 p - a wand of lightning (4/15)
 t - a wand of polymorph (4/24)
 B - a wand of polymorph (7/24)
 C - a wand of lightning (10/15)
 E - a wand of iceblast (6/15)
 G - a wand of flame (21/48)
Scrolls
 f - 2 scrolls of teleportation {unknown}
 g - 9 scrolls of identify
 h - a scroll of noise {unknown}
 k - 3 scrolls of fog
 l - 3 scrolls of remove curse
 r - a scroll of immolation {unknown}
 x - 3 scrolls of amnesia {unknown}
 H - a scroll of enchant armour {unknown}
 I - 3 scrolls of magic mapping
 J - a scroll of vulnerability {unknown}
Potions
 e - 3 potions of flight {unknown}
 m - 2 potions of lignification {unknown}
 n - 3 potions of degeneration {unknown}
 s - 2 potions of berserk rage {unknown}
 v - a potion of cancellation {unknown}
 w - a potion of resistance {unknown}
 z - 2 potions of heal wounds {unknown}
 A - a potion of haste {unknown}
 K - a potion of curing {unknown}
 L - a potion of brilliance {unknown}
Comestibles
 c - 4 bread rations
 d - 3 meat rations
 o - 5 fruits
 q - 2 royal jellies
 F - a slice of pizza
 N - 2 chunks of flesh


   Skills:
 + Level 6.6 Fighting
 - Level 14.0 Polearms
 + Level 1.1 Throwing
 - Level 1.3 Armour
 - Level 7.2 Dodging


You had 8 spell levels left.
You didn't know any spells.

Dungeon Overview and Level Annotations

Branches:
Dungeon (8/15)             Temple (0/1) D:6
   Lair: D:8-11

Altars:
Elyvilon
Gozag
Kikubaaqudgha
Makhleb
Nemelex Xobeh
Vehumet
Xom
Zin
The Shining One

Shops:
D:4 *   D:6 *

Annotations:
D:4 angel(behind trans stone wall)


Message History

You see here a howler monkey corpse.
You butcher the howler monkey corpse.
You enjoyed that.
Something hits you but does no damage. Something hits you.
* * * LOW HITPOINT WARNING * * *
Things that are here:
3 chunks of flesh; a howler monkey skeleton You feel a strong urge to attack something.
Something hits you!
* * * LOW HITPOINT WARNING * * *
You see here 2 chunks of flesh.
N - 2 chunks of flesh You are no longer berserk.
You are exhausted.
You feel yourself slow down.
You are near starving!
Something hits you but does no damage. Something hits you.
* * * LOW HITPOINT WARNING * * *
Something hits you.
You die...

**,*##..#.####.# *,* *,
#*.##.......##.# *,* *,
.*.*#...#......# *#+## **,
.#.*#.......##.# *#...## **,,
...*#..###..##.#*#.....#* *,**
#.#*#.......##.##.......** **,,*
#.####.........#........,****,,,,
#..............'........,+,,,,,,,
#.#######...####@.......,****,,,*
#.# ##.## ##.......** **,,* #.#
#.# *#.....#* **,* #.# #.#
*#...## *,* ..# **#.# *#+## *,,
###*****,..#* *,* **,
*,,,,,...********,*** *,
*,***,##,**,,,,,,,,,* *, *,*
*,**,**,****,,,,* *,


There were no monsters in sight!

Vanquished Creatures
  Pikel (D:5)
  Grinder (D:5)
  A sky beast (D:7)
  A wasp (D:8)
  A centaur (D:7)
  8 big kobolds
  A wyvern skeleton (D:6)
  A scorpion (D:4)
  5 howler monkeys
  A wasp zombie (D:7)
  A crimson imp (D:5)
  2 hounds
  An orc wizard (D:6)
  3 orc priests
  Terence (D:2)
  6 worker ants
  A hound skeleton (D:7)
  A worker ant zombie (D:5)
  5 adders
  2 shadow imps (D:5)
  2 oozes
  An adder skeleton (D:4)
  3 worms
  3 dart slugs
  2 giant geckos
  15 orcs
  4 giant cockroaches
  5 goblins (D:1)
  10 hobgoblins
  9 jackals
  3 quokkas
  10 bats
  4 giant newts
  22 kobolds
  7 rats
144 creatures vanquished.

Vanquished Creatures (others)
  Duvessa (D:5)
  Dowan (D:5)
2 creatures vanquished.

Grand Total: 146 creatures vanquished

Notes
Turn   | Place    | Note
--------------------------------------------------------------
     0 | D:1      | MenacingMecha the Merfolk Berserker began the quest for the Orb.
     0 | D:1      | Reached XP level 1. HP: 18/18 MP: 1/1
    88 | D:1      | Reached skill level 5 in Polearms
   121 | D:1      | Reached XP level 2. HP: 24/24 MP: 2/2
   573 | D:1      | Reached skill level 6 in Polearms
   573 | D:1      | Reached XP level 3. HP: 16/29 MP: 3/3
   585 | D:1      | Reached ** piety under Trog
  1088 | D:2      | Found an ancient bone altar of Kikubaaqudgha.
  1409 | D:2      | Noticed Terence
  1413 | D:2      | Killed Terence
  1413 | D:2      | Reached skill level 7 in Polearms
  1413 | D:2      | Reached XP level 4. HP: 35/35 MP: 4/4
  2315 | D:4      | Found Qatipp's Assorted Antiques.
  2322 | D:4      | Bought a pair of glowing gloves for 117 gold pieces
  2393 | D:4      | Reached skill level 8 in Polearms
  2393 | D:4      | Reached XP level 5. HP: 35/41 MP: 5/5
  2760 | D:4      | Found a glowing golden altar of the Shining One.
  2764 | D:4      | Found a white marble altar of Elyvilon.
  2987 | D:4      | Reached *** piety under Trog
  2987 | D:4      | Reached skill level 9 in Polearms
  3302 | D:4      | Reached XP level 6. HP: 47/47 MP: 6/6
  3328 | D:4      | Noticed an angel
  3330 | D:4      | Found a shimmering altar of Xom.
  3331 | D:4      | Found a glowing silver altar of Zin.
  3615 | D:5      | Entered Level 5 of the Dungeon
  3655 | D:5      | Reached skill level 10 in Polearms
  4050 | D:5      | Noticed Pikel
  4050 | D:5      | Noticed a slave
  4051 | D:5      | Noticed a slave
  4053 | D:5      | Noticed a slave
  4053 | D:5      | Noticed a slave
  4064 | D:5      | Noticed Duvessa
  4067 | D:5      | Killed Pikel
  4067 | D:5      | Reached skill level 12 in Polearms
  4067 | D:5      | Reached XP level 7. HP: 52/52 MP: 7/7
  4078 | D:5      | Killed Duvessa
  4116 | D:5      | Killed Dowan
  4169 | D:5      | Noticed Grinder
  4205 | D:5      | Killed Grinder
  4205 | D:5      | Reached skill level 13 in Polearms
  4205 | D:5      | Reached XP level 8. HP: 40/58 MP: 8/8
  4406 | D:6      | Found a radiant altar of Vehumet.
  4458 | D:6      | Found a burning altar of Makhleb.
  4571 | D:6      | Found a staircase to the Ecumenical Temple.
  4931 | D:6      | Reached skill level 14 in Polearms
  5057 | D:6      | Found Ezajaowk's Assorted Antiques.
  5855 | D:7      | Found an opulent altar of Gozag.
  5985 | D:7      | Reached skill level 5 in Dodging
  6068 | D:7      | Found a sparkling altar of Nemelex Xobeh.
  6179 | D:7      | Reached skill level 5 in Fighting
  6179 | D:7      | Reached XP level 9. HP: 66/68 MP: 9/9
  6473 | D:8      | Reached **** piety under Trog
  6655 | D:8      | Reached skill level 1 in Throwing
  6661 | D:8      | HP: 2/71 [something (3)]
  6661 | D:8      | Slain by an unseen horror

Vault maps used:
D:1:      onia_arrival_mini_maze, columned_hall_lemuel, minmay_box_of_dots
D:2:      lemuel_crystal_altar, serial_park_tiny_2, uniq_terence
D:3:      serial_bayou, serial_bayou_lake_a, serial_bayou_lagoon_b,
          serial_bayou_shore_a, serial_bayou_pond_b
D:4:      kennysheep_six_static_rooms, grunt_temple_overflow_order_and_chaos_1,
          minitemple, first_bread, serial_shops, nicolae_shop_waterfront
D:5:      kennysheep_crisscross, minivault_26, hangedman_decor_opposing,
          uniq_duvessa, uniq_pikel, uniq_grinder
D:6:      vehumet_crystals, minmay_temple_entry_from_below_b, serial_shops,
          shop, bloody_makhleb
D:7:      nemelex_xobeh_ov_fountains_minmay, basic_altar
D:8:      enter_ossuary_1, special_room, grunt_livestock

Skill      XL: |  1  2  3  4  5  6  7  8  9 |
---------------+----------------------------+-----
Polearms       | 5 6 7 8 9 12 13 14 | 14.0
Dodging        | 5 7 |  7.2
Fighting       | 5 6 |  6.6
Throwing       | 1 |  1.1
Armour         | |  1.3

Action                   |  1- 3 |  4- 6 |  7- 9 || total
-------------------------+-------+-------+-------++-------
Melee: Spear             |   143 |   175 |       ||   318
       Trident           |       |    68 |   309 ||   377
Throw: Javelin           |       |     3 |     1 ||     4
Invok: Berserk           |     1 |     4 |     1 ||     6
       Trog's Hand       |       |       |     2 ||     2
  Use: Scroll            |       |     1 |     4 ||     5
 Stab: Sleeping          |     4 |     2 |       ||     6
       Distracted        |       |       |     1 ||     1
  Eat: Chunk             |     1 |    11 |     6 ||    18
       Pizza             |       |     1 |       ||     1
       Beef jerky        |       |       |     1 ||     1
       Royal jelly       |       |       |     1 ||     1
